Map: Catalyst LE

Players

Jimtoni

  • Race: Terran Terran
  • League: Master
  • Spawn Location: 11:00

GeeRam - Winner!

  • Race: Protoss Protoss
  • League: Master
  • Spawn Location: 5:00

VOD

Have the link to the VOD?

Description

The build pumps out an early warp prism and disruptor to harass the terran player, build up colossus count after.

Time

  • Played on: Dec. 5, 2017, 3:09 a.m.
  • Length: 8:49
Show
View Real Time Build Order
Export as new Build Order

Jimtoni Terran 

Build Orders: MMM Bio 

Get SALT Encoding   

  12  0:00  SCV  
  13  0:12  SCV  
  14  0:18  Supply Depot  
  14  0:24  SCV  
  15  0:39  SCV  
  15  0:40  Barracks  
  16  0:44  Refinery  
  16  0:51  SCV  
  17  1:03  SCV  
  18  1:15  SCV  
  19  1:26  Marine  
  19  1:27  Orbital Command  
  20  1:43  Command Center  
  20  1:45  Barracks Reactor  
  20  1:54  Supply Depot  
  20  1:56  SCV  
  21  2:09  Factory  
  21  2:10  SCV  
  22  2:23  Bunker, Marine x2  
  22  2:25  SCV  
  25  2:37  SCV  
  25  2:39  Refinery  
  25  2:41  Marine x2  
  28  2:49  SCV  
  29  2:55  Orbital Command  
  29  3:01  SCV  
  30  3:11  Cyclone x2  
  36  3:13  SCV  
  36  3:18  Marine  
  38  3:22  Supply Depot  
  38  3:26  SCV x2  
  40  3:36  Marine  
  40  3:38  SCV  
  42  3:57  SCV x2  
  42  3:59  Barracks  
  42  4:01  Barracks  
  44  4:03  Supply Depot  
  44  4:04  Marine x2  
  44  4:05  Factory Tech Lab  
  44  4:09  SCV x2  
  48  4:15  Starport  
  48  4:19  Engineering Bay  
  48  4:21  SCV x2  
  49  4:29  Marine x2  
  50  4:33  SCV  
  50  4:34  Supply Depot  
  50  4:35  Factory Tech Lab  
  49  4:41  SCV  
  49  4:44  Refinery  
  49  4:45  SCV  
  46  4:55  Marine x2  
  48  5:04  Stimpack  
  48  5:05  SCV x2  
  48  5:06  Marine x2, Combat Shields  
  54  5:10  Factory Tech Lab  
  54  5:12  Viking  
  54  5:17  SCV x2  
  54  5:19  Marine x2  
  58  5:24  Marine x2  
  60  5:29  SCV x2  
  62  5:37  Marine x2  
  62  5:41  SCV x2  
  62  5:42  Marine x2  
  68  5:45  Terran Infantry Weapons Level 1  
  68  5:46  Supply Depot  
  68  5:47  Refinery  
  68  5:53  SCV x2  
  68  6:05  SCV  
  68  6:06  SCV  
  70  6:15  Starport Reactor, Siege Tank  
  70  6:18  SCV x2  
  75  6:21  Marine  
  75  6:24  Marine  
  77  6:29  Command Center  
  77  6:30  SCV  
  78  6:36  Supply Depot  
  78  6:39  Supply Depot  
  78  6:58  Medivac x2, Concussive Shells, Marine x4  
  78  7:01  Supply Depot, Siege Tank, SCV x2  
  91  7:03  Supply Depot  
  91  7:13  SCV  
  91  7:14  SCV  
  93  7:17  Barracks  
  93  7:20  Barracks  
  93  7:23  Marauder x2  
  93  7:25  SCV  
  93  7:26  SCV  
  93  7:27  Liberator, Marine x2  
  101  7:30  Liberator  
  101  7:37  SCV  
  101  7:39  Siege Tank  
  101  7:43  Orbital Command  
  111  7:53  SCV x2  
  113  8:01  Marine x2  
  113  8:02  Marauder x2  
  113  8:05  SCV x2  
  121  8:09  Supply Depot  
  121  8:11  Supply Depot  
  121  8:15  Barracks Tech Lab  
  121  8:16  Barracks Reactor  
  121  8:17  SCV x2  
  121  8:19  Marine x2  
  117  8:28  Marine x2  
  117  8:36  SCV x2  
Show
View Real Time Build Order
Export as new Build Order

GeeRam Protoss - Winner!

Build Orders: Colossus Rush 

Get SALT Encoding   

  12  0:00  Probe  
  13  0:12  Probe  
  14  0:18  Pylon  
  14  0:25  Probe (Chrono Boost)  
  15  0:37  Probe (Chrono Boost)  
  15  0:38  Gateway  
  17  0:45  Probe (Chrono Boost)  
  17  0:48  Assimilator  
  17  0:51  Probe  
  18  1:03  Probe (Chrono Boost)  
  19  1:06  Assimilator  
  19  1:15  Probe (Chrono Boost)  
  19  1:17  Probe (Chrono Boost)  
  21  1:20  Pylon  
  21  1:29  Probe  
  21  1:31  Cybernetics Core  
  22  1:43  Probe  
  23  1:55  Probe  
  23  2:08  Robotics Facility  
  23  2:10  Warp Gate  
  23  2:11  Stalker  
  25  2:26  Pylon  
  25  2:30  Nexus  
  25  2:41  Stalker  
  27  2:55  Robotics Bay  
  27  3:03  Warp Prism  
  29  3:07  Probe  
  30  3:14  Stalker  
  32  3:21  Shield Battery  
  32  3:28  Pylon  
  32  3:32  Probe  
  33  3:42  Disruptor (Chrono Boost)  
  33  3:44  Probe  
  37  3:49  Gravitic Drive  
  37  3:52  Probe  
  38  3:56  Probe  
  39  4:14  Probe x2  
  41  4:18  Assimilator  
  41  4:24  Colossus (Chrono Boost)  
  47  4:34  Stalker  
  47  4:35  Probe  
  47  4:37  Probe  
  51  4:39  Gateway  
  51  4:47  Probe  
  51  4:49  Probe  
  53  4:59  Probe  
  54  5:00  Assimilator  
  54  5:01  Probe, Gateway  
  55  5:11  Probe  
  55  5:13  Colossus (Chrono Boost)  
  62  5:43  Pylon  
  62  5:46  Pylon, Extended Thermal Lance  
  62  5:49  Forge  
  62  6:01  Probe x2  
  64  6:11  Colossus (Chrono Boost)  
  64  6:13  Probe x2  
  64  6:14  Stalker x2  
  76  6:19  Protoss Ground Weapons Level 1 (Chrono Boost)  
  76  6:25  Probe x2  
  78  6:31  Pylon  
  78  6:43  Nexus  
  78  6:44  Pylon  
  78  6:49  Probe x2  
  78  6:50  Pylon  
  80  6:54  Colossus (Chrono Boost)  
  86  7:03  Shield Battery  
  86  7:04  Probe x2  
  88  7:16  Stalker  
  88  7:17  Stalker x2  
  88  7:21  Twilight Council  
  94  7:26  Gateway  
  94  7:28  Gateway  
  94  7:31  Pylon  
  94  7:34  Shield Battery  
  94  7:35  Shield Battery  
  94  7:40  Stalker x2  
  94  7:42  Stalker  
  100  8:05  Stalker x3  
  106  8:34  Probe x2  
  106  8:35  Probe  
  106  8:37  Pylon  
  106  8:41  Pylon, Stalker x3  
  111  8:42  Stalker x2  
Tags
 
Add a new tag
Caveats
  • Supply blocks, unpowered buildings, or Contaminate may cause inaccurate times.
  • Supply counts are checked every 10 seconds.